 Dungeon Crawl Stone Soup version 0.24-a0-652-g46ecf6da75 (webtiles) character file.

Game seed: 16303632850410655656, levelgen mode: deterministic

32 Gynju the Sneak (level 3, -3/31 HPs)
             Began as a Gnoll Wanderer on Sept 26, 2019.
             Slain by a worm (5 damage)
             ... on level 2 of the Dungeon.
             The game lasted 00:01:23 (1246 turns).

Gynju the Sneak (Gnoll Wanderer)                    Turns: 1246, Time: 00:01:23

Health: -3/31      AC:  6    Str: 16    XL:     3   Next: 27%
Magic:  4/4        EV: 14    Int: 14    God:
Gold:   75         SH:  0    Dex: 13    Spells: 3/3 levels left

rFire    + . .     SeeInvis .   e - +0 dagger
rCold    + . .     Gourm    .   (no shield)
rNeg     . . .     Faith    .   d - +2 leather armour
rPois    .         Spirit   .   (no helmet)
rElec    .         Reflect  .   m - scarf {rC+ rF+}
rCorr    .         Harm     .   j - +0 pair of gloves
MR       .....                  (no boots)
Stlth    +++.......             (no amulet)
HPRegen  0.10/turn              (no ring)
MPRegen  0.09/turn              (no ring)

@: no status effects
A: distributed training, fangs 1, strong nose
a: no special abilities


You were on level 2 of the Dungeon.
You were not hungry.

You visited 1 branch of the dungeon, and saw 2 of its levels.

You collected 75 gold pieces.

Inventory:

Hand Weapons
 e - a +0 dagger (weapon)
Missiles
 h - 2 javelins (quivered)
Armour
 d - a +2 leather armour (worn)
 j - a +0 pair of gloves (worn)
 m - a scarf of resistance (worn)
Jewellery
 l - a +2 ring of protection {unknown}
Wands
 c - a wand of random effects (15)
Scrolls
 b - 2 scrolls of teleportation
 i - a scroll of identify {unknown}
 k - a scroll of noise {unknown}
 q - a scroll of remove curse {unknown}
Potions
 a - a potion of curing {unknown}
 g - a potion of haste {unknown}
 n - a potion of degeneration {unknown}
 o - a potion of heal wounds {unknown}
Comestibles
 f - 4 rations
 p - 3 chunks of flesh


   Skills:
 + Level 4.5 Fighting
 + Level 2.5 Short Blades
 + Level 0.6 Long Blades
 + Level 0.6 Axes
 + Level 0.6 Maces & Flails
 + Level 0.6 Polearms
 + Level 0.6 Staves
 + Level 0.6 Slings
 + Level 0.6 Bows
 + Level 0.6 Crossbows
 + Level 0.6 Throwing
 + Level 0.6 Armour
 + Level 4.5 Dodging
 + Level 5.9 Stealth
 + Level 0.6 Shields
 + Level 2.5 Unarmed Combat
 + Level 0.6 Spellcasting
 + Level 0.4 Conjurations
 + Level 0.4 Hexes
 + Level 0.4 Charms
 + Level 0.4 Summonings
 + Level 0.4 Necromancy
 + Level 0.4 Translocations
 + Level 0.4 Transmutations
 + Level 0.4 Fire Magic
 + Level 0.4 Ice Magic
 + Level 0.4 Air Magic
 + Level 0.4 Earth Magic
 + Level 0.4 Poison Magic
 + Level 0.8 Invocations
 + Level 2.5 Evocations


You had 3 spell levels left.
You didn't know any spells.
Your spell library was empty.

Dungeon Overview and Level Annotations

Branches:
Dungeon (2/15)

Altars:


Innate Abilities, Weirdness & Mutations

Your experience applies equally to all skills.
You have very sharp teeth.
Your uncanny sense of smell can sniff out nearby items.


Message History

You barely miss the worm. You bite the worm, but do no damage.
The worm is heavily wounded.
You hit the worm. You bite the worm, but do no damage.
The worm is severely wounded.
The worm misses you.
You hit the worm.
The worm is severely wounded.
The worm bites you!
* * * LOW HITPOINT WARNING * * *
You hit the worm.
The worm is severely wounded.
You hit the worm.
The worm is severely wounded.
The worm closely misses you.
You hit the worm.
The worm is severely wounded.
You barely miss the worm. Your bite misses the worm.
The worm is severely wounded.
The worm bites you.
You die...

#...# # #...#.# #.?.#.
#...' #...# .. #...# .###
#w..+ ...
########@..####+#.# ...
...........#......# ...
...........#......##.....
....................>....
.........######'####..#
########## #.......###
###.......# ####.##.....
#.........##


You could see a worm.

Vanquished Creatures
  An adder (D:1)
  An ooze (D:2)
  A worm (D:2)
  3 goblins
  3 hobgoblins
  2 jackals (D:1)
  A bat (D:2)
  A frilled lizard (D:1)
  A kobold (D:2)
  2 rats
16 creatures vanquished.

Notes
Turn   | Place    | Note
-------+----------+-------------------------------------------
     0 | D:1      | Gynju the Gnoll Wanderer began the quest for the Orb.
     0 | D:1      | Gynju set off with the following items: a +0 club, a scroll
                  | of teleportation, a wand of random effects (15), a +2
                  | leather armour, a +0 dagger, a ration
     0 | D:1      | Reached XP level 1. HP: 20/20 MP: 2/2
   457 | D:1      | Reached XP level 2. HP: 26/26 MP: 3/3
   863 | D:2      | Noticed an ogre
  1172 | D:2      | Reached XP level 3. HP: 31/31 MP: 4/4
  1246 | D:2      | Slain by a worm

Levels and vault maps discovered:
D:1:      lordsloth_arrival_two_stooges, layout_basic
D:2:      layout_basic, minmay_pentomino_pile

Action                   || total
-------------------------++-------
Melee: Dagger            ||    80
       Bite              ||    10
 Stab: Sleeping          ||     8
  Eat: Chunk             ||     1
Armor: Leather armour    ||    30
Dodge: Dodged            ||    57

Table legend:
 A = Non-vault XP
 B = Vault XP
 C = Vault XP percentage of total XP
 D = Non-vault monster count
 E = Vault monster count
 F = Vault count percentage of total count
                 A         B        C        D         E       F
            +---------+---------+-------+---------+---------+-------
      Total |      47 |       0 |   0.0 |      16 |       0 |   0.0
            +---------+---------+-------+---------+---------+-------
        D:1 |      28 |       0 |   0.0 |       9 |       0 |   0.0
        D:2 |      19 |       0 |   0.0 |       7 |       0 |   0.0
            +---------+---------+-------+---------+---------+-------
